| TOP OF THE 1ST |
|
Akron RubberDucks batting - Pitching for New Hampshire Fisher Cats : RHP Niclas Boman
|
|
Pitching: RHP Niclas Boman
|
|
|
Batting: LHB Nick Welling
|
0-0: Ball 1-0: Swinging Strike 1-1: Foul Ball, location: 2F 1-2: Strikes out swinging
|
|
Batting: SHB Arturo Baez
|
0-0: Ball 1-0: Foul Ball, location: 2F 1-1: Called Strike 1-2: Ball 2-2: Ball 3-2: Strikes out looking
|
|
Batting: RHB Harris Leroux
|
0-0: Ball 1-0: Foul Ball, location: 2F 1-1: Swinging Strike 1-2: Ball 2-2: Ball 3-2: Strikes out looking
|
| Top of the 1st over - 0 runs, 0 hits, 0 errors, 0 left on base; Akron 0 - New Hampshire 0 |
| BOTTOM OF THE 1ST |
|
New Hampshire Fisher Cats batting - Pitching for Akron RubberDucks : LHP John Roe
|
|
Pitching: LHP John Roe
|
|
|
Batting: RHB Charles Marcel
|
0-0: Ground out 4-3 (Groundball, 4, EV 86.9 MPH)
|
|
Batting: RHB Donny Burnside
|
0-0: Called Strike 0-1: Ball 1-1: Foul Ball, location: 2F 1-2: Foul Ball, location: 2F 1-2: Foul Ball, location: 2F 1-2: SINGLE (Groundball, 5L, EV 108.8 MPH)
|
|
Batting: SHB Eduardo Maldonado
|
0-0: Ball Donny Burnside steals 2nd base 1-0: Called Strike 1-1: Swinging Strike 1-2: Strikes out swinging
|
|
Batting: RHB Nikita Schram
|
0-0: SINGLE (Flyball, 9LS, EV 90.6 MPH) Donny Burnside to third
|
|
Batting: RHB Porter Welsh
|
0-0: Called Strike 0-1: Ball 1-1: SINGLE (Flyball, 34D, EV 91.3 MPH) Donny Burnside scores Nikita Schram to second Runner from 2nd tries for 3rd, SAFE, throw by RF made to third
|
|
Batting: RHB Jorge Baret
|
0-0: Ball 1-0: Ground out 4-3 (Groundball, 4, EV 83.1 MPH)
|
| Bottom of the 1st over - 1 run, 3 hits, 0 errors, 2 left on base; Akron 0 - New Hampshire 1 |
| TOP OF THE 2ND |
|
Akron RubberDucks batting - Pitching for New Hampshire Fisher Cats : RHP Niclas Boman
|
|
Batting: RHB Christian Blue
|
0-0: Ball 1-0: Foul Ball, location: 2F 1-1: Foul Ball, location: 2F 1-2: Strikes out swinging
|
|
Batting: RHB Hieronim Rutkowski
|
0-0: Called Strike 0-1: Ball 1-1: Swinging Strike 1-2: SOLO HOME RUN (Flyball, 7D, EV 95.0 MPH), Distance : 378 ft
|
|
Batting: RHB Matt Thompson
|
0-0: Ball 1-0: Foul Ball, location: 2F 1-1: Ball 2-1: Ball 3-1: DOUBLE (Line Drive, 9LS, EV 106.9 MPH)
|
|
Batting: LHB Corey Trevor
|
0-0: Ball 1-0: Swinging Strike 1-1: Called Strike 1-2: Foul Ball, location: 2F 1-2: Strikes out swinging
|
|
Batting: LHB John Dietrich
|
0-0: Swinging Strike 0-1: Swinging Strike 0-2: Fly out, F9 (Flyball, 9LS, EV 73.1 MPH)
|
| Top of the 2nd over - 1 run, 2 hits, 0 errors, 1 left on base; Akron 1 - New Hampshire 1 |
| BOTTOM OF THE 2ND |
|
New Hampshire Fisher Cats batting - Pitching for Akron RubberDucks : LHP John Roe
|
|
Batting: RHB Cyril Husson
|
0-0: Ball 1-0: Swinging Strike 1-1: Fly out, F6 (Line Drive, 6, EV 68.8 MPH)
|
|
Batting: LHB Jose Bregaro
|
0-0: Called Strike 0-1: Ball 1-1: Foul Ball, location: 2F 1-2: Ball 2-2: Fly out, F8 (Line Drive, 8RD, EV 96.9 MPH)
|
|
Batting: LHB Rodrigo Briceno
|
0-0: Swinging Strike 0-1: Foul Ball, location: 2F 0-2: Ball 1-2: Ball 2-2: Ball 3-2: Ground out 4-3 (Groundball, 4D, EV 88.1 MPH)
|
| Bottom of the 2nd over - 0 runs, 0 hits, 0 errors, 0 left on base; Akron 1 - New Hampshire 1 |
| TOP OF THE 3RD |
|
Akron RubberDucks batting - Pitching for New Hampshire Fisher Cats : RHP Niclas Boman
|
|
Batting: RHB Reynaldo Herrera
|
0-0: Called Strike 0-1: Ball 1-1: Ball 2-1: Swinging Strike 2-2: Foul Ball, location: 2F 2-2: Foul Ball, location: 2F 2-2: Foul Ball, location: 2F 2-2: Foul Ball, location: 2F 2-2: Ball 3-2: Strikes out swinging
|
|
Batting: LHB Nick Welling
|
0-0: Called Strike 0-1: Ball 1-1: Swinging Strike 1-2: Ball 2-2: Ball 3-2: Base on Balls
|
|
Batting: SHB Arturo Baez
|
0-0: Ball 1-0: Ball 2-0: Swinging Strike 2-1: Foul Ball, location: 2F 2-2: Ball 3-2: Foul Ball, location: 2F 3-2: Strikes out swinging
|
|
Batting: RHB Harris Leroux
|
0-0: Ball 1-0: Called Strike 1-1: Called Strike 1-2: Fly out, F8 (Flyball, 8RS, EV 88.8 MPH)
|
| Top of the 3rd over - 0 runs, 0 hits, 0 errors, 1 left on base; Akron 1 - New Hampshire 1 |
| BOTTOM OF THE 3RD |
|
New Hampshire Fisher Cats batting - Pitching for Akron RubberDucks : LHP John Roe
|
|
Batting: RHB Charles Marcel
|
0-0: Ball 1-0: Ball 2-0: Ball 3-0: Foul Ball, location: 2F 3-1: Foul Ball, location: 2F 3-2: DOUBLE (Line Drive, 9LS, EV 93.1 MPH)
|
|
Batting: RHB Donny Burnside
|
0-0: Fly out, F9 (Flyball, 9LD, EV 76.3 MPH) Runner from 2nd tags up, SAFE at 3rd, no throw by RF
|
|
Batting: SHB Eduardo Maldonado
|
0-0: Swinging Strike 0-1: Swinging Strike 0-2: Strikes out looking
|
|
Batting: RHB Nikita Schram
|
0-0: SINGLE (Line Drive, 4MD, EV 101.3 MPH) Charles Marcel scores
|
|
Batting: RHB Porter Welsh
|
0-0: Ball Nikita Schram is caught stealing 2nd base 2-4
|
| Bottom of the 3rd over - 1 run, 2 hits, 0 errors, 0 left on base; Akron 1 - New Hampshire 2 |
| TOP OF THE 4TH |
|
Akron RubberDucks batting - Pitching for New Hampshire Fisher Cats : RHP Niclas Boman
|
|
Batting: RHB Christian Blue
|
0-0: Called Strike 0-1: Foul Ball, location: 2F 0-2: Ball 1-2: Foul Ball, location: 2F 1-2: Foul Ball, location: 2F 1-2: Ball 2-2: Foul Ball, location: 2F 2-2: Ground out U3 (Groundball, 34S, EV 91.3 MPH)
|
|
Batting: RHB Hieronim Rutkowski
|
0-0: Called Strike 0-1: Foul Ball, location: 2F 0-2: Strikes out swinging
|
|
Batting: RHB Matt Thompson
|
0-0: Fly out, F9 (Flyball, 9LM, EV 79.4 MPH)
|
| Top of the 4th over - 0 runs, 0 hits, 0 errors, 0 left on base; Akron 1 - New Hampshire 2 |
| BOTTOM OF THE 4TH |
|
New Hampshire Fisher Cats batting - Pitching for Akron RubberDucks : LHP John Roe
|
|
Batting: RHB Porter Welsh
|
0-0: Ball 1-0: Ground out 5-3 (Groundball, 56, EV 83.1 MPH)
|
|
Batting: RHB Jorge Baret
|
0-0: Ball 1-0: Ball 2-0: Called Strike 2-1: Ground out 5-3 (Groundball, 56D, EV 85.6 MPH)
|
|
Batting: RHB Cyril Husson
|
0-0: Ball 1-0: Fly out, F8 (Flyball, 8LS, EV 89.4 MPH)
|
| Bottom of the 4th over - 0 runs, 0 hits, 0 errors, 0 left on base; Akron 1 - New Hampshire 2 |
| TOP OF THE 5TH |
|
Akron RubberDucks batting - Pitching for New Hampshire Fisher Cats : RHP Niclas Boman
|
|
Batting: LHB Corey Trevor
|
0-0: Called Strike 0-1: Ball 1-1: Foul Ball, location: 2F 1-2: Strikes out swinging
|
|
Batting: LHB John Dietrich
|
0-0: Ball 1-0: Ball 2-0: Called Strike 2-1: Ball 3-1: Called Strike 3-2: Foul Ball, location: 2F 3-2: Foul Ball, location: 2F 3-2: Ground out 4-3 (Groundball, 34, EV 102.5 MPH)
|
|
Batting: RHB Reynaldo Herrera
|
0-0: Fly out, F8 (Line Drive, 8LM, EV 107.5 MPH)
|
| Top of the 5th over - 0 runs, 0 hits, 0 errors, 0 left on base; Akron 1 - New Hampshire 2 |
| BOTTOM OF THE 5TH |
|
New Hampshire Fisher Cats batting - Pitching for Akron RubberDucks : LHP John Roe
|
|
Batting: LHB Jose Bregaro
|
0-0: SINGLE (Line Drive, 34D, EV 95.6 MPH)
|
|
Batting: LHB Rodrigo Briceno
|
0-0: Ball 1-0: Called Strike 1-1: Ball 2-1: Swinging Strike 2-2: Ball Wild Pitch! Jose Bregaro to second 3-2: Foul Ball, location: 2F 3-2: Reached on error, E6 (Groundball, 6M, EV 86.3 MPH) Jose Bregaro to third
|
|
Batting: RHB Charles Marcel
|
0-0: Reached on error, E6 (Groundball, 6, EV 105.0 MPH) Jose Bregaro scores Rodrigo Briceno to second
|
|
Batting: RHB Donny Burnside
|
0-0: Ball 1-0: Ball 2-0: Foul Ball, location: 2F 2-1: Foul Ball, location: 2F 2-2: Fly out, F6 (Popup, P, EV 81.3 MPH)
|
|
Batting: SHB Eduardo Maldonado
|
0-0: SINGLE (Flyball, 8LS, EV 95.6 MPH) Rodrigo Briceno to third Charles Marcel to second
|
|
Batting: RHB Nikita Schram
|
0-0: Ball 1-0: SINGLE (Line Drive, 6M, EV 96.3 MPH) Rodrigo Briceno scores Charles Marcel to third Eduardo Maldonado to second Runner from 3rd tries for Home, SAFE, throw by CF to home
|
|
Pitching: RHP Mark Norman
|
|
|
Batting: RHB Porter Welsh
|
0-0: Ball 1-0: Fly out, F7 (Flyball, 7LM, EV 85.6 MPH) Runner from 2nd tags up, SAFE at 3rd with throw by LF
|
|
Batting: RHB Jorge Baret
|
0-0: Ball 1-0: Called Strike 1-1: Foul Ball, location: 2F 1-2: Foul Ball, location: 2F 1-2: Fly out, F8 (Flyball, 8LM, EV 86.9 MPH)
|
| Bottom of the 5th over - 3 runs, 3 hits, 2 errors, 2 left on base; Akron 1 - New Hampshire 5 |
| TOP OF THE 6TH |
|
Akron RubberDucks batting - Pitching for New Hampshire Fisher Cats : RHP Niclas Boman
|
|
Batting: LHB Nick Welling
|
0-0: Ground out U3 (Groundball, 3L, EV 90.0 MPH)
|
|
Batting: SHB Arturo Baez
|
0-0: Swinging Strike 0-1: Ball 1-1: Called Strike 1-2: Ball 2-2: Ball 3-2: Base on Balls
|
|
Batting: RHB Harris Leroux
|
0-0: DOUBLE (Flyball, 89D, EV 93.1 MPH) Arturo Baez to third
|
|
Batting: RHB Christian Blue
|
0-0: Foul Ball, location: 2F 0-1: Ball 1-1: Ball 2-1: Swinging Strike 2-2: Foul Ball, location: 2F 2-2: Foul Ball, location: 2F 2-2: Ball 3-2: Base on Balls
|
|
Pitching: RHP Gabe Nalley
|
|
|
Batting: RHB Hieronim Rutkowski
|
0-0: Called Strike 0-1: Ball 1-1: Foul Ball, location: 2F 1-2: Strikes out looking
|
|
Batting: RHB Matt Thompson
|
0-0: Called Strike 0-1: Swinging Strike 0-2: Ball 1-2: Fly out, F9 (Flyball, 9, EV 91.9 MPH)
|
| Top of the 6th over - 0 runs, 1 hit, 0 errors, 3 left on base; Akron 1 - New Hampshire 5 |
| BOTTOM OF THE 6TH |
|
New Hampshire Fisher Cats batting - Pitching for Akron RubberDucks : RHP Mark Norman
|
|
Batting: RHB Cyril Husson
|
0-0: Called Strike 0-1: Ball 1-1: Ball 2-1: Ball 3-1: Called Strike 3-2: Base on Balls
|
|
Batting: LHB Jose Bregaro
|
0-0: Called Strike 0-1: Ball 1-1: Fielders Choice at 2nd, 1-6 (Groundball, 13, EV 75.0 MPH)
|
|
Batting: LHB Rodrigo Briceno
|
0-0: Ball Jose Bregaro steals 2nd base (no throw) 1-0: Called Strike Jose Bregaro steals 3rd base 1-1: Ball 2-1: Foul Ball, location: 2F 2-2: Ball 3-2: Strikes out swinging
|
|
Batting: RHB Charles Marcel
|
0-0: Ball 1-0: Ball 2-0: Ball 3-0: Base on Balls
|
|
Batting: RHB Donny Burnside
|
0-0: Fly out, F4 (Flyball, 3D, EV 85.6 MPH)
|
| Bottom of the 6th over - 0 runs, 0 hits, 0 errors, 2 left on base; Akron 1 - New Hampshire 5 |
| TOP OF THE 7TH |
|
Akron RubberDucks batting - Pitching for New Hampshire Fisher Cats : RHP Gabe Nalley
|
|
Batting: LHB Corey Trevor
|
0-0: Ball 1-0: Called Strike 1-1: Ground out 6-3 (Groundball, 6, EV 102.5 MPH)
|
|
Batting: LHB John Dietrich
|
0-0: Ground out U3 (Groundball, 34S, EV 85.0 MPH)
|
|
Batting: RHB Reynaldo Herrera
|
0-0: Called Strike 0-1: Ball 1-1: Ball 2-1: Foul Ball, location: 2F 2-2: Strikes out looking
|
| Top of the 7th over - 0 runs, 0 hits, 0 errors, 0 left on base; Akron 1 - New Hampshire 5 |
| BOTTOM OF THE 7TH |
|
New Hampshire Fisher Cats batting - Pitching for Akron RubberDucks : RHP Mark Norman
|
|
Pitching: RHP Jay Cowgill
|
|
|
Batting: SHB Eduardo Maldonado
|
0-0: Ball 1-0: Swinging Strike 1-1: Ball 2-1: Called Strike 2-2: Ball 3-2: SINGLE (Line Drive, 89M, EV 93.8 MPH)
|
|
Batting: RHB Nikita Schram
|
0-0: Ball 1-0: Ball 2-0: Foul Ball, location: 2F 2-1: Swinging Strike 2-2: SINGLE (Groundball, 6MS, EV 71.3 MPH) (infield hit) Eduardo Maldonado to second
|
|
Batting: RHB Porter Welsh
|
0-0: Foul Ball, location: 2F 0-1: Fly out, F7 (Flyball, 78S, EV 76.9 MPH)
|
|
Batting: RHB Jorge Baret
|
0-0: Fly out, F9 (Flyball, 9S, EV 89.4 MPH)
|
|
Batting: RHB Cyril Husson
|
0-0: Swinging Strike 0-1: SINGLE (Groundball, 56S, EV 76.3 MPH) (infield hit) Eduardo Maldonado to third Nikita Schram to second
|
|
Batting: LHB Jose Bregaro
|
0-0: Fly out, F7 (Flyball, 78S, EV 78.1 MPH)
|
| Bottom of the 7th over - 0 runs, 3 hits, 0 errors, 3 left on base; Akron 1 - New Hampshire 5 |
| TOP OF THE 8TH |
|
Akron RubberDucks batting - Pitching for New Hampshire Fisher Cats : RHP Gabe Nalley
|
|
Batting: LHB Nick Welling
|
0-0: Ground out 1-3 (Groundball, 13S, EV 70.0 MPH)
|
|
Batting: SHB Arturo Baez
|
0-0: Called Strike 0-1: Foul Ball, location: 2F 0-2: Ball 1-2: Foul Ball, location: 2F 1-2: Foul Ball, location: 2F 1-2: Ball 2-2: Foul Ball, location: 2F 2-2: Foul Ball, location: 2F 2-2: Ground out 5-3 (Groundball, 56, EV 87.5 MPH)
|
|
Batting: RHB Harris Leroux
|
0-0: Called Strike 0-1: Foul Ball, location: 2F 0-2: Foul Ball, location: 2F 0-2: SINGLE (Flyball, 8RS, EV 94.4 MPH)
|
|
Batting: RHB Christian Blue
|
0-0: Foul Ball, location: 2F 0-1: Foul Ball, location: 2F 0-2: Ball 1-2: Fly out, F3 (Popup, 23F, EV 91.9 MPH)
|
| Top of the 8th over - 0 runs, 1 hit, 0 errors, 1 left on base; Akron 1 - New Hampshire 5 |
| BOTTOM OF THE 8TH |
|
New Hampshire Fisher Cats batting - Pitching for Akron RubberDucks : RHP Jay Cowgill
|
|
Pitching: LHP Terry LaPlante
|
|
|
Batting: LHB Rodrigo Briceno
|
0-0: Ball 1-0: Swinging Strike 1-1: Called Strike 1-2: Ball 2-2: Strikes out swinging
|
|
Batting: RHB Charles Marcel
|
0-0: Called Strike 0-1: Foul Ball, location: 2F 0-2: Ball 1-2: Strikes out swinging
|
|
Batting: RHB Donny Burnside
|
0-0: Ball 1-0: Called Strike 1-1: Called Strike 1-2: Fly out, F8 (Line Drive, 8RM, EV 111.3 MPH)
|
| Bottom of the 8th over - 0 runs, 0 hits, 0 errors, 0 left on base; Akron 1 - New Hampshire 5 |
| TOP OF THE 9TH |
|
Akron RubberDucks batting - Pitching for New Hampshire Fisher Cats : RHP Gabe Nalley
|
|
Pitching: LHP Julio Gonzalez
|
|
|
Batting: RHB Hieronim Rutkowski
|
0-0: Fly out, F9 (Line Drive, 9, EV 91.9 MPH)
|
|
Batting: RHB Matt Thompson
|
0-0: Ball 1-0: Called Strike 1-1: Ground out 4-3 (Groundball, 4, EV 105.0 MPH)
|
|
Batting: LHB Corey Trevor
|
0-0: Foul Ball, location: 2F 0-1: SINGLE (Line Drive, 8RS, EV 93.1 MPH)
|
|
Batting: LHB John Dietrich
|
0-0: Fly out, F5 (Line Drive, 5, EV 61.9 MPH)
|
| Top of the 9th over - 0 runs, 1 hit, 0 errors, 1 left on base; Akron 1 - New Hampshire 5 |
|